[Event "November 21 Early 2023"]
[Site "https://www.chess.com"]
[Date "2023.11.21"]
[Round "7"]
[White "Omariev, Maksim"]
[Black "Weetik, Vjacheslav"]
[Result "0-1"]
[Board "68"]
[TimeControl "180+1"]
[WhiteFideId "4193423"]
[BlackFideId "4153472"]
[WhiteElo "2546"]
[BlackElo "2469"]
[WhiteTeam "RUS"]
[BlackTeam "RUS"]
[WhiteClock "0:00:00"]
[BlackClock "0:00:10"]

1. g4 d5 2. Bg2 Bxg4 3. c4 c6 4. Qb3 Nf6 5. Qxb7 Nbd7 6. Nc3 e6 7. Qxc6 Rc8 8. Qa6 Rxc4 9. b3 Rc8 10. Ba3 Bxa3 11. Qxa3 Nc5 12. h3 Bh5 13. Qxa7 d4 14. Na4 Nfd7 15. Nxc5 Rxc5 16. Nf3 d3 17. e3 O-O 18. O-O Bxf3 19. Bxf3 Rg5+ 20. Kh2 Ne5 21. Bd1 Qd5 22. Rg1 Nc6 23. Qc7 Rxg1 24. Kxg1 Qg5+ 25. Qg3 Qf6 26. Rb1 Nb4 27. a3 Nd5 28. b4 g6 29. b5 Qd8 30. a4 Qa5 31. Rb2 Rc8 32. e4 Nb6 33. Qxd3 Rc1 34. Qe2 Qxa4 35. Kg2 Qxd1 36. Qxd1 Rxd1 37. Rc2 Rb1 38. Rc1 Rxc1 0-1

[Event "November 21 Early 2023"]
[Site "https://www.chess.com"]
[Date "2023.11.21"]
[Round "7"]
[White "Csonka, Balazs"]
[Black "Alinasab, Mobina"]
[Result "1-0"]
[Board "69"]
[TimeControl "180+1"]
[WhiteFideId "742910"]
[BlackFideId "12528897"]
[WhiteElo "2399"]
[BlackElo "2052"]
[WhiteTeam "HUN"]
[BlackTeam "IRI"]
[WhiteClock "0:00:04"]
[BlackClock "0:00:03"]

1. c4 Nf6 2. g3 c5 3. Bg2 e6 4. Nf3 Qc7 5. O-O a6 6. Nc3 b6 7. d4 cxd4 8. Nxd4 Bb7 9. Bf4 Qc8 10. e4 d6 11. Be3 Nbd7 12. Rc1 Be7 13. Nd5 exd5 14. cxd5 Qd8 15. Nc6 Bxc6 16. dxc6 Nc5 17. b4 Ne6 18. c7 Nxc7 19. Bxb6 Rc8 20. Bh3 Nd7 21. Qa4 Bf6 22. Rc2 Ke7 23. Ba5 Nb5 24. Bxd8+ Rhxd8 25. Rxc8 Rxc8 26. Qxa6 Rb8 27. Rd1 Rb6 28. Qa8 Be5 29. Bxd7 Kxd7 30. Qd5 Ke7 31. Qd3 Rb7 32. a4 Nc3 33. Rc1 Na2 34. Rc4 Nxb4 35. Qe2 Na6 36. Kg2 Nc5 37. Kh3 Rb2 38. Rc2 Rb7 39. f4 Ba1 40. e5 Ne6 41. exd6+ Kd7 42. Qd1 Bf6 43. g4 Bd8 44. f5 Nf4+ 45. Kg3 g5 46. fxg6 Nxg6 47. Qf3 Ne5 48. Qf5+ Ke8 49. Qxe5+ Kf8 50. d7 Bf6 51. Qc5+ Kg7 52. Qc8 Rb3+ 53. Kg2 Re3 54. Rf2 Rd3 55. Rxf6 Kxf6 56. d8=Q+ 1-0

[Event "November 21 Early 2023"]
[Site "https://www.chess.com"]
[Date "2023.11.21"]
[Round "7"]
[White "Starozhilov, Leonid"]
[Black "Ferreira, Vitor Hugo Vieira"]
[Result "0-1"]
[Board "70"]
[TimeControl "180+1"]
[WhiteFideId "14106752"]
[BlackFideId "2119765"]
[WhiteElo "2270"]
[BlackElo "2123"]
[WhiteTeam "UKR"]
[BlackTeam "BRA"]
[WhiteClock "0:00:13"]
[BlackClock "0:01:04"]

1. e4 c5 2. Nf3 d6 3. Bb5+ Nd7 4. O-O a6 5. Bxd7+ Bxd7 6. Re1 Bc6 7. c3 g6 8. d4 cxd4 9. cxd4 Bg7 10. Nc3 Nf6 11. Bg5 O-O 12. d5 Bd7 13. h3 b5 14. a3 Qb6 15. Be3 Qb7 16. Bd4 Rfc8 17. Qd3 a5 18. b4 axb4 19. axb4 Rxa1 20. Rxa1 Ra8 21. Rxa8+ Qxa8 22. Nxb5 Qa6 23. e5 Bxb5 24. Qc2 Nxd5 25. exd6 exd6 26. Bxg7 Kxg7 27. Qb2+ Kg8 28. Qd4 Bc6 29. Qh4 Qa1+ 30. Kh2 Qf6 31. Qg3 Qf4 32. Qxf4 Nxf4 33. Nd4 Bxg2 34. Kg3 g5 35. Kg4 f6 36. h4 h6 37. hxg5 fxg5 38. Kf5 Kf7 39. b5 Ne6 40. Ne2 Bh3+ 41. Ke4 Nc5+ 42. Kd5 Ke7 43. Kc6 Bd7+ 44. Kb6 Na4+ 45. Ka5 Nc5 46. Ng3 d5 47. b6 Kd6 48. Kb4 Kc6 49. Ka5 d4 50. Ne2 d3 51. Nc3 d2 52. Kb4 Nd3+ 53. Kc4 Nxf2 54. b7 Kxb7 55. Kd4 d1=Q+ 56. Nxd1 Nxd1 57. Ke5 g4 58. Kf4 h5 59. Kg3 Ne3 60. Kh4 Nf5+ 61. Kxh5 g3 62. Kg5 g2 63. Kf4 g1=Q 64. Kf3 Qe3+ 65. Kg4 Qg3+ 66. Kh5 Be8# 0-1

[Event "November 21 Early 2023"]
[Site "https://www.chess.com"]
[Date "2023.11.21"]
[Round "7"]
[White "LeoLV10"]
[Black "Volkov, Maksim"]
[Result "0-1"]
[Board "71"]
[TimeControl "180+1"]
[BlackFideId "54123070"]
[WhiteElo "2522"]
[BlackElo "2293"]
[BlackTeam "RUS"]
[WhiteClock "0:00:00"]
[BlackClock "0:00:21"]

1. e4 c5 2. Nf3 d6 3. d4 cxd4 4. Nxd4 Nf6 5. Nc3 a6 6. Bg5 e6 7. f4 Be7 8. Qf3 Qc7 9. O-O-O Nbd7 10. g4 h6 11. Bxf6 Bxf6 12. Be2 Nb6 13. h4 Bd7 14. g5 Bxd4 15. Rxd4 O-O-O 16. Rhd1 Bc6 17. Qg4 Kb8 18. Kb1 hxg5 19. hxg5 d5 20. e5 g6 21. Qg1 Nc8 22. Rb4 Qa5 23. a3 Ka8 24. Na2 Ne7 25. Nc1 Ba4 26. Rdd4 Bd7 27. Nb3 Qc7 28. Rd1 Rc8 29. Bd3 Rh3 30. Qf1 Rh2 31. Nd4 Qc5 32. Nb3 Qc7 33. Rc1 Nc6 34. Ra4 Nxe5 35. Ra5 Nc6 36. Rc5 Qb6 37. Qg1 Rh3 38. Qf1 Rh4 39. Qf2 Rh3 40. Qf1 Rhh8 41. Qe2 Ka7 42. Qd2 Rc7 43. Rc3 Rhc8 44. Na1 Na5 45. Rxc7 Rxc7 46. Ka2 Bb5 47. Bxb5 Qxb5 48. Qd4+ Qb6 49. Qe5 Nc4 50. Qc3 Rc5 51. Nb3 Rb5 52. Qf6 a5 0-1

[Event "November 21 Early 2023"]
[Site "https://www.chess.com"]
[Date "2023.11.21"]
[Round "7"]
[White "MKlose11"]
[Black "Grossboss19"]
[Result "0-1"]
[Board "72"]
[TimeControl "180+1"]
[WhiteElo "2659"]
[BlackElo "2514"]
[WhiteClock "0:00:32"]
[BlackClock "0:00:21"]

1. e4 c5 2. Nc3 Nc6 3. g3 e6 4. Bg2 Nf6 5. d3 Be7 6. Nge2 O-O 7. O-O d5 8. exd5 Nxd5 9. Nxd5 exd5 10. d4 cxd4 11. Nxd4 Bf6 12. Be3 Re8 13. c3 Ne5 14. b3 a6 15. h3 Qc7 16. Qd2 Bd7 17. Rac1 Rad8 18. Rfd1 Nc6 19. Bg5 Nxd4 20. Bxf6 Ne2+ 21. Kh2 gxf6 22. Rc2 Bf5 23. Rb2 Qxc3 24. g4 Bg6 25. Qxc3 Nxc3 26. Rd4 Re2 27. Rxe2 Nxe2 28. Rxd5 Rxd5 29. Bxd5 b6 30. a3 a5 31. Bc4 Nd4 32. f4 Bc2 33. b4 axb4 34. axb4 Nc6 35. b5 Nd4 36. Kg3 Ba4 37. g5 Bxb5 38. Ba2 Kg7 39. h4 Nf5+ 40. Kg4 Bd7 41. h5 h6 42. gxh6+ Kxh6 43. Kf3 Bc6+ 44. Kg4 Ne3+ 45. Kh4 Bd5 46. Bb1 b5 47. Kg3 b4 48. Kf2 Nc4 49. Ba2 Nb6 50. Bb1 Kxh5 51. Ke3 Be6 52. Kd4 Kg4 53. Kc5 Nd7+ 54. Kxb4 Kxf4 55. Kc3 Ke5 56. Kd2 f5 57. Ke3 f4+ 58. Kf2 Nf6 59. Kf3 Bf5 60. Kf2 Bxb1 0-1

[Event "November 21 Early 2023"]
[Site "https://www.chess.com"]
[Date "2023.11.21"]
[Round "7"]
[White "Taboas Rodriguez, Daniel"]
[Black "Kuznetsova, Olga"]
[Result "1-0"]
[Board "73"]
[TimeControl "180+1"]
[WhiteFideId "2208466"]
[BlackFideId "4191323"]
[WhiteElo "2365"]
[BlackElo "2134"]
[WhiteTeam "ESP"]
[BlackTeam "RUS"]
[WhiteClock "0:01:46"]
[BlackClock "0:00:17"]

1. d4 Nf6 2. Nf3 e6 3. c4 d5 4. Nc3 Be7 5. Bg5 Ne4 6. Bxe7 Qxe7 7. Rc1 c6 8. e3 O-O 9. Bd3 f5 10. O-O Bd7 11. Ne5 Be8 12. f4 Nd7 13. Bxe4 fxe4 14. Qg4 Nxe5 15. fxe5 Bg6 16. c5 Rf5 17. Rxf5 exf5 18. Qf4 Rf8 19. Rf1 Be8 20. h4 h6 21. b4 g5 22. Qg3 Kh7 23. hxg5 hxg5 24. Kf2 Qg7 25. Rh1+ Kg8 26. Ke2 f4 27. Qg4 f3+ 28. Kf2 Bd7 29. e6 Bc8 30. Rh5 Bxe6 31. Qxe6+ Qf7 32. Rxg5+ Kh7 33. Qh3+ 1-0

[Event "November 21 Early 2023"]
[Site "https://www.chess.com"]
[Date "2023.11.21"]
[Round "7"]
[White "Sreyas Payyappat"]
[Black "Arslanov, Shamil"]
[Result "0-1"]
[Board "74"]
[TimeControl "180+1"]
[WhiteFideId "46674969"]
[BlackFideId "4192826"]
[WhiteElo "2043"]
[BlackElo "2326"]
[WhiteTeam "IND"]
[BlackTeam "RUS"]
[WhiteClock "0:00:06"]
[BlackClock "0:00:08"]

1. e4 d6 2. d4 e5 3. dxe5 Nc6 4. exd6 Bxd6 5. Nc3 Qe7 6. Nf3 Bg4 7. Bb5 Nf6 8. O-O O-O-O 9. Qe2 Nd4 10. Qe3 Bxf3 11. gxf3 Bc5 12. Na4 Bd6 13. Nc3 g5 14. Kh1 Qe5 15. f4 gxf4 16. Qh3+ Kb8 17. Bd3 f3 18. Rg1 Rhg8 19. Be3 h5 20. Bxd4 Qxd4 21. Qxf3 Qe5 22. Qh3 Ng4 23. Rg2 c6 24. Rag1 Qd4 25. Nd1 Bc5 26. f3 Nf6 27. Rxg8 Nxg8 28. Rxg8 Rxg8 0-1

[Event "November 21 Early 2023"]
[Site "https://www.chess.com"]
[Date "2023.11.21"]
[Round "7"]
[White "Goryachkina, Aleksandra"]
[Black "Shishkov, Andrei"]
[Result "1-0"]
[Board "75"]
[TimeControl "180+1"]
[WhiteFideId "4147103"]
[BlackFideId "4500563"]
[WhiteElo "2475"]
[BlackElo "2241"]
[WhiteTeam "FID"]
[BlackTeam "EST"]
[WhiteClock "0:00:04"]
[BlackClock "0:00:04"]

1. e4 d5 2. exd5 Nf6 3. c4 e6 4. dxe6 Bxe6 5. d4 Bb4+ 6. Nc3 Ne4 7. Bd2 Qxd4 8. Nxe4 Qxe4+ 9. Ne2 Nc6 10. Bxb4 Nxb4 11. Qa4+ Nc6 12. O-O-O Bf5 13. Nc3 Qf4+ 14. Rd2 Rd8 15. Qd1 O-O 16. g3 Qh6 17. f4 Rxd2 18. Qxd2 Rd8 19. Qe3 Nb4 20. Be2 Qc6 21. Rd1 Re8 22. Qd2 b5 23. a3 a5 24. axb4 axb4 25. cxb5 Qc5 26. Qd4 Qxd4 27. Rxd4 bxc3 28. Bd1 cxb2+ 29. Kxb2 Rb8 30. Be2 h6 31. Kc3 Be6 32. Bd3 Ra8 33. f5 Ba2 34. Kb4 Kf8 35. Rd7 Rc8 36. Be4 Re8 37. Bc6 Re1 38. Rd8+ Ke7 39. Re8+ 1-0

[Event "November 21 Early 2023"]
[Site "https://www.chess.com"]
[Date "2023.11.21"]
[Round "7"]
[White "Golubev, Mikhail"]
[Black "Weisz, Bryan"]
[Result "1-0"]
[Board "76"]
[TimeControl "180+1"]
[WhiteFideId "14100983"]
[BlackFideId "30934133"]
[WhiteElo "2352"]
[BlackElo "2455"]
[WhiteTeam "UKR"]
[BlackTeam "USA"]
[WhiteClock "0:00:47"]
[BlackClock "0:00:12"]

1. e4 c5 2. Nf3 Nc6 3. Nc3 d6 4. d4 cxd4 5. Nxd4 g6 6. Be3 Bg7 7. f3 Nf6 8. Qd2 O-O 9. Bc4 Bd7 10. h4 Rc8 11. Nxc6 bxc6 12. Bb3 d5 13. O-O-O e5 14. exd5 cxd5 15. Nxd5 Nxd5 16. Qxd5 Bf5 17. Qxd8 Rfxd8 18. Bxa7 e4 19. g4 Bd7 20. fxe4 Bxg4 21. Rxd8+ Rxd8 22. Rf1 Be2 23. Bxf7+ Kf8 24. Bc5+ 1-0

[Event "November 21 Early 2023"]
[Site "https://www.chess.com"]
[Date "2023.11.21"]
[Round "7"]
[White "Pastar, Slaven"]
[Black "Srebrnic, Marko"]
[Result "1-0"]
[Board "77"]
[TimeControl "180+1"]
[WhiteFideId "14402718"]
[BlackFideId "14603616"]
[WhiteElo "2230"]
[BlackElo "2322"]
[WhiteTeam "BIH"]
[BlackTeam "SLO"]
[WhiteClock "0:00:06"]
[BlackClock "0:00:07"]

1. b3 c5 2. Bb2 Nc6 3. e3 a6 4. Nf3 Nf6 5. d4 cxd4 6. Nxd4 e6 7. Be2 Be7 8. c4 O-O 9. O-O Qc7 10. Nc3 b6 11. Nxc6 dxc6 12. Bf3 Bb7 13. Ne4 Nxe4 14. Bxe4 c5 15. Qg4 g6 16. Bxb7 Qxb7 17. h4 Qc7 18. h5 f5 19. Qf3 g5 20. Rad1 Rad8 21. Rxd8 Rxd8 22. Rd1 g4 23. Qe2 Rxd1+ 24. Qxd1 Qd8 25. Qc2 Bf6 26. g3 Kf7 27. Bxf6 Kxf6 28. e4 Qd4 29. exf5 exf5 30. Qe2 Qa1+ 31. Kg2 Qe5 32. Qd2 Qe4+ 33. Kg1 f4 34. gxf4 Kf5 35. Qd7+ Kxf4 36. Qc7+ Kg5 37. Qxb6 Qe1+ 38. Kg2 Qe4+ 39. Kg1 Qe1+ 40. Kg2 Qe5 41. h6 Qe4+ 42. Kg1 Qe1+ 43. Kg2 Qe5 44. Qd8+ Kxh6 45. Qh4+ Qh5 46. Qxh5+ Kxh5 47. b4 cxb4 48. c5 a5 49. c6 a4 50. c7 b3 51. axb3 axb3 52. c8=Q 1-0

[Event "November 21 Early 2023"]
[Site "https://www.chess.com"]
[Date "2023.11.21"]
[Round "7"]
[White "ploxoi"]
[Black "Bodnaruk, Anastasia"]
[Result "1-0"]
[Board "78"]
[TimeControl "180+1"]
[BlackFideId "4181751"]
[WhiteElo "2435"]
[BlackElo "2260"]
[BlackTeam "RUS"]
[WhiteClock "0:00:16"]
[BlackClock "0:00:04"]

1. d4 Nf6 2. c4 g6 3. Nc3 Bg7 4. e4 d6 5. Nf3 O-O 6. Be2 e5 7. d5 a5 8. Be3 Na6 9. Nd2 Nc5 10. a3 Bd7 11. b4 axb4 12. axb4 Rxa1 13. Qxa1 Na6 14. Qb2 Ng4 15. Bxg4 Bxg4 16. c5 f5 17. f3 Bh5 18. O-O f4 19. Bf2 g5 20. h3 Bg6 21. Ra1 Nb8 22. Ra7 h5 23. Rxb7 g4 24. hxg4 hxg4 25. Kf1 Bh5 26. Ke2 Nd7 27. c6 Nf6 28. b5 Qc8 29. b6 cxb6 30. Qc1 Rf7 31. Rxb6 gxf3+ 32. gxf3 Qh3 33. Qg1 Kh7 34. Rb7 Qc8 35. Rxf7 Qa6+ 36. Ke1 Bxf7 37. Qh1+ Bh5 38. Bh4 Kg6 39. Qg2+ Kh6 40. Qg5+ Kh7 41. Qf5+ Bg6 42. Qh3 Kg8 43. c7 Qa1+ 44. Nd1 Qc1 45. c8=Q+ Bf8 46. Qxc1 1-0

[Event "November 21 Early 2023"]
[Site "https://www.chess.com"]
[Date "2023.11.21"]
[Round "7"]
[White "Manukyan, Sargis A."]
[Black "Miszler, Levente"]
[Result "1/2-1/2"]
[Board "79"]
[TimeControl "180+1"]
[WhiteFideId "13303970"]
[BlackFideId "763276"]
[WhiteElo "2204"]
[BlackElo "2186"]
[WhiteTeam "ARM"]
[BlackTeam "HUN"]
[WhiteClock "0:00:10"]
[BlackClock "0:00:09"]

1. d4 Nf6 2. c4 e6 3. Nc3 Bb4 4. e3 d5 5. a3 Bxc3+ 6. bxc3 c5 7. cxd5 exd5 8. Bd3 Nc6 9. Ne2 Bg4 10. O-O Qc7 11. f3 Bh5 12. Ra2 O-O 13. Nf4 Bg6 14. g4 Rfe8 15. h4 Bxd3 16. Qxd3 Rad8 17. g5 Nd7 18. Rg2 Nf8 19. Nh5 Ng6 20. Rg3 Nxh4 21. f4 cxd4 22. exd4 Re4 23. Rh3 Nf5 24. Qf3 Rde8 25. Qg4 Nce7 26. Kh1 Qc4 27. Rg1 Qe2 28. Rf3 Nh4 29. Rff1 Qxg4 30. Rxg4 Nhf5 31. Rg2 Ng6 32. Kh2 Re2 33. Rgf2 R8e4 34. Ng3 Nxg3 35. Kxg3 Ne7 36. f5 Rxf2 37. Rxf2 g6 38. f6 Nf5+ 39. Kf3 h6 40. Rb2 Re1 41. Bd2 Rf1+ 42. Kg2 Rd1 43. Kf3 hxg5 44. Bxg5 Rg1 45. Bf4 g5 46. Bb8 Kh7 47. Rxb7 Kg6 48. Be5 g4+ 49. Kf2 Rc1 50. Rxa7 Rc2+ 51. Kg1 Rxc3 52. Ra8 g3 53. a4 Kg5 54. Rg8+ Kh4 55. a5 Kh3 56. Rh8+ Kg4 57. Kf1 Kf3 58. Bxg3 Nxg3+ 59. Ke1 Ne4 60. Kd1 Nxf6 61. Rf8 Ne4 62. Rxf7+ Ke3 63. Re7 Kd3 64. a6 Ra3 65. Kc1 Kxd4 66. a7 Kc4 67. Kb2 Ra6 68. Rc7+ Kd3 69. Kb3 d4 70. Kb4 Ra1 71. Kb5 Nc3+ 72. Kb6 Kc2 73. Kb7 d3 74. a8=Q Rxa8 75. Kxa8 d2 76. Rd7 d1=Q 77. Rxd1 Kxd1 1/2-1/2

[Event "November 21 Early 2023"]
[Site "https://www.chess.com"]
[Date "2023.11.21"]
[Round "7"]
[White "Ljukin, Sergei"]
[Black "Bettalli, Francesco"]
[Result "0-1"]
[Board "80"]
[TimeControl "180+1"]
[WhiteFideId "14102200"]
[BlackFideId "2816453"]
[WhiteElo "2312"]
[BlackElo "2226"]
[WhiteTeam "UKR"]
[BlackTeam "ITA"]
[WhiteClock "0:00:02"]
[BlackClock "0:01:00"]

1. e4 e5 2. Nf3 Nf6 3. Nxe5 Nc6 4. Nf3 Nxe4 5. d3 Nf6 6. d4 d5 7. Bb5 Bd6 8. O-O O-O 9. Bg5 h6 10. Bh4 Bg4 11. c3 g5 12. Bg3 Ne7 13. Nbd2 Ng6 14. Bd3 Kg7 15. Qc2 Qd7 16. Rfe1 Rae8 17. Ne5 Bxe5 18. dxe5 Nh5 19. Bxg6 fxg6 20. Qd3 c5 21. b4 b6 22. bxc5 bxc5 23. Nb3 Qc6 24. Qe3 Nf4 25. Bxf4 gxf4 26. Qxc5 Qxc5 27. Nxc5 Rc8 28. Nb3 Rxc3 29. f3 Bc8 30. Rac1 Rxc1 31. Rxc1 Ba6 32. Rc6 Bc4 33. Nd4 Rb8 34. Rc7+ Kg8 35. h3 Rb1+ 36. Kh2 Rd1 37. Ne6 Re1 38. Nxf4 g5 39. Ng6 Bd3 40. Ne7+ Kf8 41. Nxd5 Rxe5 42. Nb4 Bf1 43. Rxa7 Re2 44. Kg3 Rxg2# 0-1

[Event "November 21 Early 2023"]
[Site "https://www.chess.com"]
[Date "2023.11.21"]
[Round "7"]
[White "Ishbaev, Alibek"]
[Black "Manukian, Artak"]
[Result "1/2-1/2"]
[Board "81"]
[TimeControl "180+1"]
[WhiteFideId "14205017"]
[BlackFideId "13301373"]
[WhiteElo "2415"]
[BlackElo "2030"]
[WhiteTeam "UZB"]
[BlackTeam "ARM"]
[WhiteClock "0:00:25"]
[BlackClock "0:00:12"]

1. c4 g6 2. Nc3 Bg7 3. g3 e5 4. Bg2 f5 5. d3 h5 6. h4 Nh6 7. Nh3 Nf7 8. O-O O-O 9. Ng5 c6 10. Nxf7 Rxf7 11. Bg5 Bf6 12. Bxf6 Qxf6 13. f4 exf4 14. Rxf4 d6 15. Kh2 Nd7 16. Ne4 Qe7 17. Ng5 Rf6 18. d4 Nf8 19. e4 Ne6 20. Nxe6 Bxe6 21. Qd3 Qf7 22. d5 cxd5 23. exd5 Bd7 24. Re1 Re8 25. Rxe8+ Qxe8 26. Qd4 Qe5 27. Qxa7 Qxb2 28. Rf2 Qb4 29. Qd4 Kf7 30. Rb2 Qc5 31. Qxc5 dxc5 32. Rxb7 Ke7 33. Rb2 Ra6 34. Bf3 Ra4 35. Be2 Bc8 36. Kg1 Ba6 37. Rc2 Kd6 38. Kf2 Ke5 39. Ke3 Ra3+ 40. Kf2 f4 41. gxf4+ Kxf4 42. Rd2 Bc8 43. d6 Bd7 44. Rd5 Rxa2 45. Rxc5 Rd2 46. Rd5 Rxd5 47. cxd5 Ke5 48. Ke3 Kxd5 49. Kf4 Kxd6 50. Kg5 Be8 51. Bd3 Ke5 52. Bxg6 Bxg6 53. Kxg6 Ke6 54. Kxh5 Kf5 55. Kh6 Kf6 56. h5 Kf7 57. Kh7 Kf8 58. Kg6 Kg8 59. h6 Kh8 60. h7 1/2-1/2

[Event "November 21 Early 2023"]
[Site "https://www.chess.com"]
[Date "2023.11.21"]
[Round "7"]
[White "Grunberg, Mihai-Lucian"]
[Black "Bobomurodova, Maftuna"]
[Result "0-1"]
[Board "82"]
[TimeControl "180+1"]
[WhiteFideId "1204149"]
[BlackFideId "14207400"]
[WhiteElo "2363"]
[BlackElo "1814"]
[WhiteTeam "ROU"]
[BlackTeam "UZB"]
[WhiteClock "0:00:19"]
[BlackClock "0:00:44"]

1. Nf3 Nf6 2. b3 g6 3. Bb2 Bg7 4. e4 d6 5. d3 e5 6. g3 O-O 7. Bg2 Nc6 8. O-O Nh5 9. Nbd2 Qe8 10. Nc4 f5 11. exf5 gxf5 12. Ng5 Nf6 13. h4 h6 14. Nf3 f4 15. Qd2 Qg6 16. Qe1 Nh5 17. Kh2 Re8 18. Bh3 b5 19. Ncd2 Bxh3 20. Kxh3 e4 21. Nxe4 Bxb2 22. Rb1 Bg7 23. Rg1 d5 24. gxf4 Qf5+ 25. Rg4 dxe4 26. Qc3 Nf6 27. Rg1 Re6 28. dxe4 Rxe4 29. Qxc6 Rae8 30. Ne5 R8xe5 31. fxe5 Nxg4 32. Qe8+ Kh7 33. Kg3 Qxf2+ 34. Kh3 Qh2# 0-1

[Event "November 21 Early 2023"]
[Site "https://www.chess.com"]
[Date "2023.11.21"]
[Round "7"]
[White "Demchenko, Anton"]
[Black "Kanyamarala, Trisha"]
[Result "1-0"]
[Board "83"]
[TimeControl "180+1"]
[WhiteFideId "4160258"]
[BlackFideId "45004722"]
[WhiteElo "2545"]
[BlackElo "2078"]
[WhiteTeam "SLO"]
[BlackTeam "IRL"]
[WhiteClock "0:00:41"]
[BlackClock "0:00:00"]

1. a3 e5 2. c4 Nf6 3. d3 d5 4. cxd5 Nxd5 5. Nf3 Nc6 6. e4 Nf6 7. Be2 Be7 8. O-O O-O 9. Be3 Be6 10. Nbd2 Ng4 11. Rc1 Nxe3 12. fxe3 Qd7 13. b4 a6 14. Nb3 Rad8 15. Nc5 Bxc5 16. Rxc5 f6 17. Qc2 Qf7 18. Ng5 Qe7 19. Nxe6 Qxe6 20. d4 Qd6 21. d5 Ne7 22. Rxc7 Rc8 23. Rc5 f5 24. exf5 b6 25. Rxc8 Rxc8 26. Qe4 b5 27. Qg4 Kh8 28. e4 Qb6+ 29. Kh1 Rc2 30. h3 Qe3 31. Bf3 Qb6 32. Rd1 Qd6 33. Qg5 Ng8 34. Rc1 Qc7 35. Rxc2 Qxc2 36. Qe3 Nf6 37. Qc5 Qb1+ 38. Kh2 h6 39. Qc3 Qf1 40. Qxe5 Qc4 41. d6 Qc6 42. Qd4 Qd7 43. e5 Ne8 44. g4 Qd8 45. Kg3 h5 46. d7 h4+ 47. Kf2 Nc7 48. e6 Kh7 49. Be4 Qg5 50. d8=Q Qf4+ 51. Ke2 Qh2+ 52. Qf2 1-0

[Event "November 21 Early 2023"]
[Site "https://www.chess.com"]
[Date "2023.11.21"]
[Round "7"]
[White "Cruz Mendez, Jean Marco"]
[Black "AlmasRakhmatullaev"]
[Result "0-1"]
[Board "84"]
[TimeControl "180+1"]
[WhiteFideId "3526402"]
[WhiteElo "2064"]
[BlackElo "2841"]
[WhiteTeam "CUB"]
[WhiteClock "0:00:00"]
[BlackClock "0:00:13"]

1. e4 e5 2. Bc4 Nf6 3. d3 c6 4. Nc3 Bb4 5. Nf3 Qe7 6. O-O d6 7. h3 h6 8. a3 Ba5 9. d4 Bxc3 10. bxc3 Nxe4 11. dxe5 d5 12. Bd3 Nxc3 13. Qe1 Na4 14. Be3 Nd7 15. c4 Nb2 16. Qc3 Nxd3 17. Qxd3 dxc4 18. Qxc4 O-O 19. Rfe1 Re8 20. Bf4 Nb6 21. Qe4 Nd5 22. Bd2 Be6 23. Rad1 Qxa3 24. Nd4 Rad8 25. f4 Nc3 26. Bxc3 Qxc3 27. f5 Bd5 28. Qg4 Kh7 29. f6 g6 30. Qf4 Qb2 31. Re2 Qb4 32. Kh2 c5 33. Qh4 cxd4 34. Rxd4 Qc5 35. Rf2 Be6 36. Rdf4 Qxe5 0-1

[Event "November 21 Early 2023"]
[Site "https://www.chess.com"]
[Date "2023.11.21"]
[Round "7"]
[White "Panda Sambit"]
[Black "Narayanan, Srinath"]
[Result "1-0"]
[Board "85"]
[TimeControl "180+1"]
[WhiteFideId "25091794"]
[BlackFideId "5018420"]
[WhiteElo "2216"]
[BlackElo "2442"]
[WhiteTeam "IND"]
[BlackTeam "IND"]
[WhiteClock "0:00:03"]
[BlackClock "0:01:23"]

1. d4 Nf6 2. c4 c5 3. d5 g6 4. Nc3 Bg7 5. e4 O-O 6. e5 Ne8 7. f4 d6 8. Nf3 dxe5 9. fxe5 Bg4 10. Bf4 Nd7 11. Qe2 Bxf3 12. gxf3 Qb8 13. d6 exd6 14. e6 Ne5 15. e7 Nc7 16. exf8=Q+ Qxf8 17. O-O-O Ne6 18. Be3 Re8 19. Bg2 Nd4 20. Bxd4 cxd4 21. Nd5 d3 22. Rxd3 Nxc4 23. Qc2 Rc8 24. Kb1 Bxb2 25. Re1 Na3+ 26. Rxa3 Rxc2 27. Kxc2 Bxa3 28. Nf6+ Kg7 29. Re8 h6 30. Rxf8 Kxf8 31. f4 b6 32. Ne4 Ke7 33. Nc3 Bc5 34. Nd5+ Ke6 35. Kd3 Kf5 36. Bh3# 1-0

[Event "November 21 Early 2023"]
[Site "https://www.chess.com"]
[Date "2023.11.21"]
[Round "7"]
[White "Vasquez Schroeder, Rodrigo"]
[Black "Nikologorsky, Matfei"]
[Result "1-0"]
[Board "86"]
[TimeControl "180+1"]
[WhiteFideId "3400042"]
[BlackFideId "24102474"]
[WhiteElo "2582"]
[BlackElo "2153"]
[WhiteTeam "CHI"]
[BlackTeam "FID"]
[WhiteClock "0:02:03"]
[BlackClock "0:00:17"]

1. e4 c5 2. Nf3 e6 3. d4 cxd4 4. Nxd4 a6 5. Bd3 Qc7 6. O-O Nf6 7. Qe2 d6 8. f4 g6 9. Nc3 Bg7 10. e5 dxe5 11. Ndb5 axb5 12. Nxb5 Qe7 13. fxe5 O-O 14. exf6 Bxf6 15. c3 Nd7 16. Be3 b6 17. Be4 Ra5 18. b4 Ra6 19. a4 Bg7 20. Nd4 Ne5 21. Bf4 Nd7 22. Nc6 Qh4 23. g3 Qh3 24. Bg2 Qf5 25. Ne7+ 1-0

[Event "November 21 Early 2023"]
[Site "https://www.chess.com"]
[Date "2023.11.21"]
[Round "7"]
[White "Osmak, Yuliia"]
[Black "Ilkhomi, Jaloliddin"]
[Result "0-1"]
[Board "87"]
[TimeControl "180+1"]
[WhiteFideId "14101602"]
[BlackFideId "14700948"]
[WhiteElo "2303"]
[BlackElo "2054"]
[WhiteTeam "UKR"]
[BlackTeam "TJK"]
[WhiteClock "0:00:00"]
[BlackClock "0:00:05"]

1. e4 e6 2. d4 d5 3. exd5 exd5 4. Nf3 Bd6 5. Bd3 Ne7 6. O-O O-O 7. Re1 Nbc6 8. Bg5 f6 9. Bh4 Bf5 10. Bf1 Qd7 11. c3 Rae8 12. Nbd2 Ng6 13. Bg3 Rxe1 14. Nxe1 Bxg3 15. hxg3 Re8 16. Nd3 b6 17. Nf4 Nxf4 18. gxf4 Nd8 19. a4 a5 20. Qf3 Nf7 21. b3 Bg4 22. Qg3 Nd6 23. Bd3 Bf5 24. Kf1 Qe6 25. Qf3 Bg4 26. Qg3 Be2+ 27. Kg1 Bxd3 28. Qxd3 Qe2 29. Qxe2 Rxe2 30. Rd1 Ne4 31. Nxe4 Rxe4 32. g3 Re2 33. Kf1 Rb2 34. c4 dxc4 35. bxc4 Rc2 36. c5 bxc5 37. dxc5 Rxc5 38. Rd7 h5 39. Ke2 Kh7 40. Kd3 Kg6 41. Kd4 Rc2 42. Ke4 Rc4+ 43. Kf3 Kh6 44. Ke3 g5 45. f5 h4 46. Kf3 g4+ 47. Kg2 h3+ 48. Kh2 Kg5 49. Rd5 Rxa4 50. Rc5 Ra2 51. Kg1 h2+ 52. Kxh2 Rxf2+ 53. Kg1 Rxf5 54. Rxc7 Rf3 55. Kg2 Rb3 56. Rc5+ f5 57. Rxa5 Rb2+ 58. Kf1 Kf6 59. Rc5 Ke6 60. Ra5 Rb3 61. Kf2 Rf3+ 62. Kg2 Rd3 63. Kf2 Rd5 64. Ra8 Ke5 65. Re8+ Kd4 66. Re7 Kc4 67. Rc7+ Kd3 68. Re7 Ra5 69. Rd7+ Ke4 70. Re7+ Re5 71. Rd7 Re6 72. Ra7 Rb6 73. Re7+ Kd5 74. Rd7+ Rd6 75. Re7 Kc4 76. Re5 Rd5 77. Re7 Kd4 78. Re8 Rd7 79. Re6 Ra7 80. Rd6+ Ke5 81. Rd2 Ra3 82. Re2+ Kd4 83. Rd2+ Rd3 84. Ra2 Rf3+ 85. Kg2 Rc3 86. Kf2 Kd3 87. Ra8 Rc2+ 88. Kf1 Ke4 89. Ra4+ Ke3 90. Ra3+ Kd4 91. Ra5 Rc5 0-1

[Event "November 21 Early 2023"]
[Site "https://www.chess.com"]
[Date "2023.11.21"]
[Round "7"]
[White "BM223344"]
[Black "Korchmar, Vasiliy"]
[Result "0-1"]
[Board "88"]
[TimeControl "180+1"]
[BlackFideId "24131750"]
[WhiteElo "2488"]
[BlackElo "2372"]
[BlackTeam "RUS"]
[WhiteClock "0:01:55"]
[BlackClock "0:01:28"]

1. d4 Nf6 2. c4 e6 3. Nf3 d5 4. g3 dxc4 5. Nbd2 b5 6. Bg2 Bb7 7. O-O Nbd7 8. a4 a6 9. Qc2 c5 10. axb5 axb5 11. Rxa8 Qxa8 12. b3 cxb3 13. Qxb3 b4 14. dxc5 Bxc5 15. Bb2 O-O 16. Ra1 Qb8 17. Qd3 Rd8 18. Qb5 Ng4 19. e3 Nxe3 20. fxe3 Bxe3+ 21. Kh1 Bxf3 22. Qxb8 Bxg2+ 23. Kxg2 Rxb8 24. Nc4 Bc5 25. Ra5 h6 26. h4 b3 27. Ne5 Nxe5 28. Bxe5 b2 29. Bxb2 Rxb2+ 30. Kh3 Bd6 31. Ra8+ Kh7 32. Rd8 Rd2 33. Rd7 f6 34. h5 Rd3 35. Kg4 Rxg3+ 36. Kh4 Rd3 37. Ra7 0-1